 Dungeon Crawl Stone Soup version 0.28.0-1-gb440e238dd (webtiles) character file.

Game seed: 17159487853412585543

28 fknight the Chopper (level 3, -3/33 HPs)
             Began as a Hill Orc Monk on Feb 28, 2022.
             Slain by a kobold (4 damage)
             ... on level 2 of the Dungeon.
             The game lasted 00:03:23 (1239 turns).

fknight the Chopper (Hill Orc Monk)                 Turns: 1239, Time: 00:03:24

Health: -3/33      AC:  2    Str: 21    XL:     3   Next: 14%
Magic:  3/3        EV: 12    Int: 10    God:
Gold:   22         SH:  0    Dex: 13    Spells: 2/2 levels left

rFire   . . .      SeeInvis .   a - +0 hand axe
rCold   . . .      Faith    .   (no shield)
rNeg    . . .      Spirit   .   b - +0 robe
rPois   .          Reflect  .   (no helmet)
rElec   .          Harm     .   (no cloak)
rCorr   .          Rampage  .   (no gloves)
Will    .....                   (no boots)
Stlth   ++........              (no amulet)
HPRegen 0.11/turn               e - +6 ring of strength
MPRegen 0.08/turn               (no ring)

@: no status effects
A: no striking features
a: no special abilities


You were on level 2 of the Dungeon.
You visited 1 branch of the dungeon, and saw 2 of its levels.

You collected 22 gold pieces.

Inventory:

Hand Weapons
 a - a +0 hand axe (weapon)
 i - a +0 spear
Missiles
 f - 18 stones (quivered)
 h - 4 poisoned darts
 j - 17 sling bullets
Armour
 b - a +0 robe (worn)
Jewellery
 e - a +6 ring of strength (left hand)
Scrolls
 d - a scroll of blinking {unknown}
 g - a scroll of enchant weapon {unknown}
 k - a scroll of holy word {unknown}
 l - a scroll of identify {unknown}
Potions
 c - a potion of attraction {unknown}


   Skills:
 + Level 4.0 Fighting
 + Level 4.4 Axes
 + Level 2.7 Dodging
 + Level 2.0 Stealth


You had 2 spell levels left.
You didn't know any spells.
Your spell library contained the following spells:

 Spells                   Type           Power      Damage    Failure   Level
 Frozen Ramparts          Ice            0%         1d2       75%         3
 Ice Form                 Ice/Tmut       0%         N/A       98%         4
 Summon Ice Beast         Ice/Summ       0%         N/A       98%         4


Dungeon Overview and Level Annotations

Branches:
Dungeon (2/15)

Altars:


Message History

The kobold hits you with a +0 club.
You closely miss the kobold. You hit the kobold.
The kobold hits you with a +0 short sword.
The kobold hits you with a +0 club.
The kobold hits you with a +0 short sword.
You hit the kobold but do no damage. You punch the kobold.
You kill the kobold!
You hit the kobold but do no damage. The kobold completely misses you.
The kobold hits you but does no damage. The goblin hits you with a +0 club.
Things that are here:
a +0 club; a ball python corpse You closely miss the kobold.
The kobold is moderately wounded.
You closely miss the goblin.
The kobold hits you with a +0 short sword.
* * * LOW HITPOINT WARNING * * *
The goblin hits you with a +0 club.
* * * LOW HITPOINT WARNING * * *
You barely miss the kobold.
The kobold is moderately wounded.
You barely miss the goblin. The kobold closely misses you.
The goblin hits you with a +0 club.
* * * LOW HITPOINT WARNING * * *
You closely miss the kobold.
The kobold is moderately wounded.
You closely miss the goblin.
The kobold hits you with a +0 short sword.
* * * LOW HITPOINT WARNING * * *
The goblin barely misses you.
You closely miss the kobold.
The kobold is moderately wounded.
You closely miss the goblin.
The kobold hits you with a +0 short sword.
* * * LOW HITPOINT WARNING * * *
The goblin barely misses you.
You barely miss the kobold.
The kobold is moderately wounded.
You closely miss the goblin.
The kobold hits you with a +0 short sword.
You die...

#...##...##.#
#...#...###+#
#.............
#.....##...g..
#.##..#....?..
#.#...........
###.......##....
#..[K.###.# ....
#.##@.# ... ...
#.#!.g# ..K#
#(...... .K#
.....##..# ..
...##.. .... ##
... ..... ....
##... ..... ..#


You could see a goblin and a kobold.

Vanquished Creatures
  An adder (D:2)
  3 bats (D:1)
  2 endoplasms (D:1)
  4 hobgoblins (D:1)
  A quokka (D:1)
  A ball python (D:2)
  2 frilled lizards (D:1)
  2 kobolds
  4 rats (D:1)
20 creatures vanquished.

Notes
Turn   | Place    | Note
-------+----------+-------------------------------------------
     0 | D:1      | fknight the Hill Orc Monk began the quest for the Orb.
     0 | D:1      | Reached XP level 1. HP: 19/19 MP: 1/1
   312 | D:1      | Reached XP level 2. HP: 17/27 MP: 2/2
  1227 | D:2      | Reached XP level 3. HP: 26/33 MP: 3/3
  1238 | D:2      | HP: 1/33 [kobold (1)]
  1239 | D:2      | Slain by a kobold

Illustrated notes

Levels and vault maps discovered:
D:1:      dpeg_arrival_tiny_d, layout_basic
D:2:      layout_basic, hangedman_decor_points

Skill      XL: |  1  2 |
---------------+-------+-----
Fighting       | 4 |  4.0
Stealth        | 2 |  2.0
Axes           | |  4.4
Dodging        | |  2.7

Action                   || total
-------------------------++-------
Melee: Hand axe          ||    60
       Punch             ||     1
Throw: Stone             ||    10
Armor: Robe              ||    12
Dodge: Dodged            ||    41
